AoeStats
← Gun™

Nomad

510310194Analyzed
4v4 RM · 1d ago on Sep 30, 2026· 39m 40s· 8 players
Game mode
Random Map
Map size
231×231
Population
200
Speed
Normal
Resources
Standard
Victory
Conquest
Starting age
Dark Age
Ending age
Imperial Age
RankedLock teamsTeams togetherTeam positionsShared explorationLock speedFull tech treeHidden civsTurbo modeCheats
Victory
Defeat
🇻🇳 Japanese · Vietnam
1837
+5
🇨🇳 Magyars · China
1665
+10
🇨🇳 Burmese · China
1613
+11
🇻🇳 Spanish · Vietnam
1598
+12
1551
-10
🇹🇼 Saracens · Taiwan
1530
-10
🇹🇼 Khmer · Taiwan
1529
-10
🇹🇼 Danes · Taiwan
1489
-8
ChauNg
13:02 Feudal Age
13:46 Double-Bit Axe
14:01 Loom
19:10 Castle Age
18:25 Gold Mining
19:37 Fletching
20:09 Bow Saw
20:12 Medium Warships
20:38 Bodkin Arrow
20:49 Horse Collar
22:11 Heavy Plow
24:35 Wheelbarrow
25:08 Ballistics
26:18 Thumb Ring
27:05 Padded Archer Armor
28:18 Leather Archer Armor
34:41 Imperial Age
32:27 Hand Cart
33:43 Gold Shaft Mining
32:59 Stone Mining
33:21 Town Watch
33:56 Bloodlines
34:36 Husbandry
35:28 Bracer
37:13 Chemistry
37:16 Heavy Cavalry Archer
39:17 Ring Archer Armor
40:19 Parthian Tactics
40:06 Guard Tower
40:01 Arrowslits
张横
4:48 Loom
13:22 Feudal Age
17:38 Wheelbarrow
20:44 Castle Age
22:07 Town Watch
22:37 Horse Collar
23:18 Gold Mining
23:52 Stone Mining
26:56 Scale Barding Armor
27:56 Husbandry
31:06 Forging
34:56 Imperial Age
34:00 Bloodlines
34:57 Padded Archer Armor
35:18 Hand Cart
37:09 Conscription
39:45 Parthian Tactics
39:06 Elite Arambai
41:18 Chemistry
小白
3:59 Loom
14:25 Feudal Age
15:13 Double-Bit Axe
17:57 Castle Age
17:52 Stone Mining
18:57 Bow Saw
18:53 Scale Barding Armor
19:39 Wheelbarrow
20:39 Chain Barding Armor
26:35 Bloodlines
26:25 Husbandry
29:01 Gold Mining
30:45 Ballistics
33:27 Imperial Age
30:55 Fletching
31:13 Horse Collar
31:53 Bodkin Arrow
32:36 Thumb Ring
33:19 Gold Shaft Mining
33:55 Heavy Plow
34:34 Conscription
34:23 Bracer
36:35 Recurve Bow
37:10 Padded Archer Armor
37:37 Parthian Tactics
36:39 Heavy Cavalry Archer
38:47 Chemistry
38:46 Leather Archer Armor
39:07 Corvinian Army
40:12 Crop Rotation
40:44 Two-Man Saw
Gun™
7:13 Loom
13:42 Feudal Age
15:28 Fishing Lines
17:50 Castle Age
15:50 Double-Bit Axe
16:35 Fletching
18:55 Medium Warships
18:54 Bodkin Arrow
19:11 Gillnets
21:40 Padded Archer Armor
22:31 Wheelbarrow
22:10 Bow Saw
22:42 Horse Collar
28:13 Gold Mining
29:52 Stone Mining
32:56 Imperial Age
31:01 Heavy Plow
31:37 Stone Shaft Mining
31:30 Hand Cart
31:19 Town Watch
33:16 Leather Archer Armor
33:16 Elite Conquistador
34:17 Conscription
34:56 Husbandry
35:06 Bloodlines
36:44 Ring Archer Armor
36:21 Thumb Ring
38:07 Chemistry
37:32 Ballistics
39:50 Two-Man Saw
eddie.wang1217
3:02 Loom
12:42 Feudal Age
13:36 Fishing Lines
18:22 Castle Age
16:49 Gold Mining
16:48 Double-Bit Axe
16:56 Fishing Lines
19:21 Medium Warships
20:03 Bow Saw
19:50 Fletching
20:58 Wheelbarrow
21:11 Medium Warships
22:57 Town Watch
26:28 Hand Cart
26:09 Stone Mining
26:26 Gillnets
28:47 Pikeman
31:15 Arson
32:39 Scale Mail Armor
35:52 Squires
經典永不退流行
7:20 Loom
14:25 Feudal Age
15:32 Double-Bit Axe
17:15 Forging
19:44 Castle Age
21:17 Bow Saw
20:50 Horse Collar
21:10 Fishing Lines
25:11 Medium Warships
25:19 Gold Mining
26:44 Wheelbarrow
28:54 Iron Casting
28:38 Fletching
30:02 Scale Barding Armor
30:34 Squires
30:20 Arson
31:44 Bloodlines
32:30 Husbandry
33:28 Scale Mail Armor
35:25 Chain Mail Armor
38:38 Bodkin Arrow
芝麻開門
5:36 Loom
14:24 Feudal Age
15:21 Double-Bit Axe
18:04 Wheelbarrow
24:51 Castle Age
26:08 Fletching
26:30 Medium Warships
28:14 Bow Saw
29:23 Bodkin Arrow
33:26 Husbandry
33:37 Bloodlines
34:02 Scale Barding Armor
36:00 Chain Barding Armor
soundness27
13:30 Feudal Age
16:38 Castle Age
14:30 Double-Bit Axe
18:18 Bow Saw
19:13 Loom
19:24 Horse Collar
27:21 Wheelbarrow
32:03 Hand Cart
34:30 Imperial Age
34:31 Scale Barding Armor
34:38 Forging
34:31 Tusk Swords
34:37 Husbandry
34:48 Bloodlines
35:36 Chain Barding Armor
34:43 Elite Battle Elephant
35:58 Coinage
37:14 Iron Casting
37:27 Conscription
37:56 Plate Barding Armor
Connection lost

Rejoining the realm…

Still unreachable

The connection could not be restored.

Session expired

The server has moved on; the page needs a fresh start.